 Dungeon Crawl Stone Soup version 0.21.1-1-g345015f (console) character file.

13 Homage the Grave Robber (level 2, -1/20 HPs)
             Began as a Ghoul Necromancer on May 1, 2018.
             Slain by a leopard gecko (2 damage)
             ... on level 1 of the Dungeon.
             The game lasted 00:02:11 (818 turns).

Homage the Grave Robber (Ghoul Necromancer)          Turns: 818, Time: 00:02:11

Health: -1/20      AC:  2    Str: 11    XL:     2   Next: 37%
Magic:  1/4        EV: 12    Int: 10    God:
Gold:   34         SH:  0    Dex:  9    Spells: 3/5 levels left

rFire    . . .     SeeInvis .   d - +0 dagger
rCold    + . .     Gourm    .   (no shield)
rNeg     + + +     Faith    .   a - +0 robe
rPois    ∞         Spirit   .   (no helmet)
rElec    .         Reflect  .   (no cloak)
rCorr    .         Harm     .   (no gloves)
MR       +....                  (no boots)
Stlth    ++........             (no amulet)
HPRegen  0.00/turn              e - ring of protection from magic
MPRegen  0.09/turn              (no ring)

@: rotting
A: rotting body, claws 1, carnivore, cold resistance 1, negative energy
resistance 3, inhibited regeneration, torment resistance, unbreathing
a: no special abilities


You were on level 1 of the Dungeon.
You were not hungry.

You visited 1 branch of the dungeon, and saw 1 of its levels.

You collected 34 gold pieces.


Innate Abilities, Weirdness & Mutations

Your body is rotting away.
You thrive on raw meat.
You are immune to poison.
You have sharp fingernails.
You are carnivorous and can eat meat at any time.
Your flesh is cold resistant. (rC+)
You are immune to negative energy. (rN+++)
You do not regenerate when monsters are visible.
You are immune to unholy pain and torment.
You can survive without breathing.


   Skills:
 - Level 1.7 Dodging
 - Level 2.1 Stealth
 - Level 2.1 Spellcasting
 + Level 4.3 Necromancy


You had 3 spell levels left.
You knew the following spells:

 Your Spells              Type           Power        Failure   Level  Hunger
a - Pain                  Necr           #...         4%          1    ##.....
Z - Animate Skeleton      Necr           N/A          4%          1    ##.....

Inventory:

Hand Weapons
 d - a +0 dagger (weapon)
Armour
 a - a +0 robe (worn)
Jewellery
 e - a ring of protection from magic (left claw)
Scrolls
 g - a scroll of remove curse
Potions
 f - a potion of experience {unknown}
Books
 b - a book of Necromancy

   Spells                             Type                      Level
   a - Pain                           Necromancy                   1
   b - Animate Skeleton               Necromancy                   1
   c - Vampiric Draining              Necromancy                   3
   d - Regeneration                   Charms/Necromancy            3
   e - Animate Dead                   Necromancy                   4
   f - Borgnjor's Vile Clutch         Necromancy/Earth             5
Comestibles
 c - a ration
 h - 2 chunks of flesh


Message History

Confirm with . or Enter, or press ? or * to list all spells.
Aiming: Pain
Press: ? - help, Shift-Dir - straight line, f/p - leopard gecko
Aim: a leopard gecko (clinging, chance to defeat MR: 76%)
The leopard gecko writhes in agony!
The leopard gecko bites you but does no damage.
You miss the leopard gecko.
The leopard gecko is heavily wounded.
The leopard gecko bites you but does no damage.
You hit the leopard gecko but do no damage.
The leopard gecko is heavily wounded.
The leopard gecko hisses menacingly.
The leopard gecko bites you but does no damage.
You hit the leopard gecko but do no damage.
The leopard gecko is heavily wounded.
The leopard gecko closely misses you. The leopard gecko misses you.
You hit the leopard gecko.
The leopard gecko is severely wounded.
The leopard gecko bites you.
You die...

.#######.# #.##...#
....##...######.##...#
..####.......##.##...# #
#............##.##...###.#
##..##..........##.......#
##..#...........'#.......#
....#...........##........
###.............##........
# ##............@lg...#?#.
# #.#...........#.#..#
####.......#####......#
....(......... +........
##......#.#### #......#.#
........#.# #.#+#..#.#
.#......#.### #.# ..# #
.....#+##... ..# ..#
........#..# ##


You could see a leopard gecko and a hobgoblin.

Vanquished Creatures
  A leopard gecko (D:1)
  A ball python (D:1)
  A goblin (D:1)
  2 hobgoblins (D:1)
  4 bats (D:1)
  A kobold (D:1)
10 creatures vanquished.

Notes
Turn   | Place    | Note
-------+----------+-------------------------------------------
     0 | D:1      | Homage the Ghoul Necromancer began the quest for the Orb.
     0 | D:1      | Reached XP level 1. HP: 14/14 MP: 2/2
     2 | D:1      | Learned a level 1 spell: Animate Skeleton
   351 | D:1      | Reached XP level 2. HP: 20/20 MP: 4/4
   806 | D:1      | HP: 4/20 [hobgoblin/club (2)]
   812 | D:1      | HP: 1/20 [leopard gecko (1)]
   818 | D:1      | Slain by a leopard gecko

Vault maps used:
D:1:      giann_horns, minmay_misc_feat_ornament

Action                   || total
-------------------------++-------
Melee: Dagger            ||    66
 Cast: Pain              ||     3
  Use: Scroll            ||     2
 Stab: Sleeping          ||     1
  Eat: Chunk             ||     6
Armor: Robe              ||    24
Dodge: Dodged            ||    58
